 Dungeon Crawl Stone Soup version 0.16-a0-395-g6404e95 (console) character file.

16 gw the Grasshopper (level 2, 0/19 HPs)
             Began as a Halfling Warper on Sept 15, 2014.
             Slain by a worm (11 damage)
             ... on Level 2 of the Dungeon.
             The game lasted 00:00:46 (1143 turns).

gw the Grasshopper (Halfling Warper)                Turns: 1143, Time: 00:00:46

HP   0/19        AC  3     Str 11      XL: 2   Next: 70%
MP   0/4         EV 12     Int 12      God:
Gold 40          SH  0     Dex 13      Spells:  3 memorised,  0 levels left

rFire  . . .     SeeInvis .     a - +1 short sword
rCold  . . .     Clarity  .     b - +0 leather armour
rNeg   . . .     rCorr    .     (no shield)
rPois  .         rRot     .     (no helmet)
rElec  .         Spirit   .     (no cloak)
SustAb .         Warding  .     (no gloves)
rMut   .         Stasis   .     (no boots)
Gourm  .                        (no amulet)
MR     .....                    (no ring)
                                (no ring)

@: very slightly contaminated, not resistant to hostile enchantments, very
unstealthy
A: mutation resistance 1
a: no special abilities


You were on level 2 of the Dungeon.
You were not hungry.

You visited 1 branch of the dungeon, and saw 2 of its levels.

You collected 40 gold pieces.

Inventory:

Hand weapons
 a - a +1 short sword (weapon)
Missiles
 e - 5 tomahawks of dispersal (quivered)
 g - 51 stones
Armour
 b - a +0 leather armour (worn)
Comestibles
 f - a bread ration
Scrolls
 d - 2 scrolls of blinking
 l - a scroll of teleportation
Potions
 h - a potion of restore abilities
Books
 c - a book of Spatial Translocations

   Spells                             Type                      Level
   *Apportation                       Translocation                1
   *Blink                             Translocation                2
   *Shroud of Golubria                Charms/Translocation         2
   Portal Projectile                  Translocation                3
   Teleport Other                     Translocation                3
   Passage of Golubria                Translocation                4


   Skills:
 + Level 2.0 Fighting
 - Level 2.6 Short Blades
 - Level 1.3 Throwing
 + Level 1.3 Armour
 - Level 2.1 Dodging
 * Level 2.1 Spellcasting
 + Level 3.4 Translocations


You couldn't memorise any spells.
You knew the following spells:

 Your Spells              Type           Power        Failure   Level  Hunger
a - Apportation           Tloc           #.........   10%         1    ##.....
b - Blink                 Tloc           N/A          12%         2    ###....
c - Shroud of Golubria    Chrm/Tloc      #.........   21%         2    ###....


Dungeon Overview and Level Annotations

Branches:
Dungeon (2/15)

Altars:


Innate Abilities, Weirdness & Mutations

You are small and have problems with some larger weapons.
You are somewhat resistant to further mutation.


Message History

ATTACKING (1,-1)
You hit the worm.
The worm is heavily wounded.
Your shroud bends the worm's attack away.
ATTACKING (1,-1)
You hit the worm.
The worm is severely wounded.
Your shroud begins to fray at the edges.
The worm bites you!
Casting: Shroud of Golubria
Confirm with . or Enter, or press ? or * to list all spells.
You miscast Shroud of Golubria.
You are very lightly contaminated with residual magic.
You feel a strange surge of energy!
ATTACKING (1,-1)
You hit the worm but do no damage.
The worm is severely wounded.
The worm bites you!
Ouch! That really hurt!
You die...

#..
#..........#.#
#..
##...........#
#..
##.....#######
#..##.#..###
#..#.###.###
#...## ##..
##..#.#.###.###
..........#w.#
.......###p#
###.## ### #. #


You could see a worm.

Table legend:
 A = Turns spent in this place as a percentage of turns spent in the entire game.
 B = Non-inter-level travel turns spent in this place as a percentage of non-inter-level travel turns spent in the entire game.
 C = Inter-level travel turns spent in this place as a percentage of turns spent in this place.
 D = Turns resting spent in this place as a percentage of non-inter-level travel turns spent in this place.
 E = Turns spent auto-exploring this place as a percentage of non-inter-level travel turns spent in this place.
 F = Non-inter-level travel turns spent in this place divided by the number of levels of this place that you've seen.
                   A       B       C       D       E      F
               +-------+-------+-------+-------+-------+----------------------
         Total | 100.0 | 100.0 |   2.1 |   2.8 |  10.5 | 215.0
       Dungeon | 100.0 | 100.0 |   2.1 |   2.8 |  10.5 | 215.0
               +-------+-------+-------+-------+-------+----------------------

Table legend:
 A = Kills in this place as a percentage of kills in entire the game.
 B = Kills by you in this place as a percentage of kills by you in the entire game.
 C = Kills by friends in this place as a percentage of kills by friends in the entire game.
 D = Other kills in this place as a percentage of other kills in the entire game.
 E = Experience gained in this place as a percentage of experience gained in the entire game.
 F = Experience gained in this place divided by the number of levels of this place that you have seen.
                   A       B       C       D       E      F
               +-------+-------+-------+-------+-------+----------------------
         Total | 100.0 | 100.0 |  -nan |  -nan | 100.0 |  11.5
       Dungeon | 100.0 | 100.0 |  -nan |  -nan | 100.0 |  11.5
               +-------+-------+-------+-------+-------+----------------------

Vanquished Creatures
  An ooze (D:1)
  A giant cockroach (D:1)
  3 goblins
  3 hobgoblins (D:1)
  3 bats
  2 giant newts (D:1)
  2 rats (D:1)
15 creatures vanquished.

Notes
Turn   | Place    | Note
--------------------------------------------------------------
     0 | D:1      | gw, the Halfling Warper, began the quest for the Orb.
     0 | D:1      | Reached XP level 1. HP: 14/14 MP: 2/2
   297 | D:1      | Reached XP level 2. HP: 19/19 MP: 3/3
   301 | D:1      | Learned a level 2 spell: Blink
   634 | D:1      | Learned a level 2 spell: Shroud of Golubria
  1143 | D:2      | Slain by a worm

Action                   || total
-------------------------++-------
Melee: Short sword       ||    50
 Cast: Shroud of Golubri ||     5
  Use: Scroll            ||     6
       Potion            ||     2
  Eat: Chunk             ||     4

Vault maps used:
D:1:      dpeg_arrival_radiant
D:2:      okawaru_ov_weapons_minmay, hangedman_glass_garden, fedhas_altar_3,
          uniq_crazy_yiuf_cottage
